AoeStats
← Mknolix

Baltic

510606545Analyzed
4v4 RM · 2d ago on Oct 1, 2026· 57m 55s· 8 players
Game mode
Random Map
Map size
Large (8 player)
Population
200
Speed
Normal
Resources
Standard
Victory
Conquest
Starting age
Dark Age
Ending age
Imperial Age
RankedLock teamsTeams togetherTeam positionsShared explorationLock speedFull tech treeHidden civsTurbo modeCheats
Victory
Defeat
🇬🇧 Saracens · United Kingdom
1149
+17
🇬🇧 Varangians · United Kingdom
1143
+17
🇪🇸 Huns · Spain
1124
+18
🇭🇺 Berbers · Hungary
1094
+19
🇦🇷 Tatars · Argentina
1237
-20
🇲🇽 Malay · Mexico
1187
-19
🇨🇦 Danes · Canada
1134
-16
🇨🇦 Britons · Canada
1132
-16
Chexco9004
10:07 Feudal Age
11:55 Loom
12:51 Scale Barding Armor
12:57 Forging
18:24 Man-at-Arms
22:21 Horse Collar
24:44 Bloodlines
30:48 Castle Age
28:53 Double-Bit Axe
32:10 Chain Barding Armor
32:22 Gold Mining
33:45 Iron Casting
45:12 Heavy Plow
46:06 Wheelbarrow
47:44 Bow Saw
51:36 Imperial Age
49:43 Marauders
50:34 Husbandry
51:53 Gold Shaft Mining
51:38 Elite Tarkan
52:39 Conscription
53:28 Chemistry
54:57 Plate Barding Armor
biodegradable plastic
10:45 Loom
12:30 Feudal Age
13:07 Double-Bit Axe
13:51 Loom
15:37 Gold Mining
16:37 Fletching
22:42 Wheelbarrow
24:55 Castle Age
26:19 Medium Warships
28:32 Fishing Lines
30:13 Bodkin Arrow
32:23 Stone Mining
34:16 Hand Cart
34:22 Bow Saw
34:45 Gillnets
35:39 Forging
40:08 Imperial Age
39:36 Iron Casting
40:51 Ballistics
40:45 Bloodlines
41:32 Conscription
40:40 Elite Mameluke
41:36 Scale Barding Armor
41:37 Husbandry
42:38 Two-Man Saw
41:21 Horse Collar
42:32 Gold Shaft Mining
44:09 Blast Furnace
54:03 Light Cavalry
57:04 Hussar
The Laughing Storm
10:50 Feudal Age
11:42 Double-Bit Axe
17:15 Castle Age
15:27 Fletching
16:18 Horse Collar
18:17 Bow Saw
18:01 Gold Mining
18:48 Bodkin Arrow
21:22 Ballistics
23:24 Careening
23:54 Wheelbarrow
28:10 Scale Mail Armor
28:21 Forging
29:44 Squires
30:43 Gambesons
32:48 Fishing Lines
34:23 Gillnets
37:39 Imperial Age
36:48 Chain Mail Armor
39:03 Hand Cart
39:59 Conscription
40:29 Plate Mail Armor
40:35 Iron Casting
40:51 Arson
40:48 Gothikon
43:30 Blast Furnace
42:02 Elite Varangian Guard
43:27 Scale Barding Armor
44:02 Bloodlines
43:54 Husbandry
43:45 Vendel Legacy
43:47 Cavalier
46:44 Chain Barding Armor
48:34 Two-Man Saw
47:16 Light Cavalry
48:42 Caravan
48:53 Guilds
49:14 Hussar
51:09 Plate Barding Armor
ehunevazze
5:11 Loom
13:26 Feudal Age
14:23 Town Watch
14:46 Double-Bit Axe
22:10 Castle Age
20:21 Fletching
20:54 Gold Mining
21:15 Stone Mining
23:17 Wheelbarrow
23:14 Medium Warships
26:18 Ballistics
27:04 Treadmill Crane
31:07 Imperial Age
30:33 Hand Cart
32:32 Bodkin Arrow
33:00 Bow Saw
35:57 Conscription
38:38 Chemistry
39:26 Padded Archer Armor
41:39 Leather Archer Armor
44:05 Town Patrol
44:24 Scale Barding Armor
45:19 Bloodlines
46:02 Husbandry
47:11 Light Cavalry
50:51 Elite Cannon Galleon
DrKaiser
8:10 Loom
12:04 Feudal Age
20:07 Castle Age
18:47 Horse Collar
18:55 Double-Bit Axe
22:18 Forging
23:24 Scale Mail Armor
23:40 Arson
25:49 Squires
28:47 Chain Mail Armor
34:53 Iron Casting
42:54 Imperial Age
44:41 Elite Jomsviking
46:30 Plate Mail Armor
48:48 Hamask
OUASO
9:38 Loom
12:36 Feudal Age
13:10 Double-Bit Axe
18:56 Castle Age
17:24 Fletching
18:10 Stone Mining
20:35 Medium Warships
21:05 Bodkin Arrow
23:00 Gold Mining
22:57 Crossbowman
25:11 Bow Saw
30:48 Ballistics
30:25 Murder Holes
30:33 Padded Archer Armor
33:01 Gold Shaft Mining
37:34 Imperial Age
39:45 Chemistry
39:55 Horse Collar
42:10 Arbalester
44:04 Town Watch
44:53 Yeomen
47:56 Elite Longbowman
Queondacompa
11:43 Feudal Age
11:29 Loom
12:20 Wheelbarrow
11:34 Double-Bit Axe
12:35 Gold Mining
16:05 Town Watch
16:35 Forging
22:59 Castle Age
29:32 Fletching
35:24 Horse Collar
41:05 Squires
44:26 Medium Warships
45:32 Gold Shaft Mining
44:50 Stone Mining
45:03 Heavy Plow
49:26 Imperial Age
46:44 Crossbowman
47:32 Padded Archer Armor
48:31 Husbandry
49:24 Conscription
49:16 Bodkin Arrow
49:37 Leather Archer Armor
51:18 Chemistry
50:22 Bracer
52:46 Arbalester
53:32 Thumb Ring
55:49 Ballistics
56:02 Hand Cart
Mknolix
8:58 Loom
11:38 Feudal Age
12:31 Double-Bit Axe
13:22 Fishing Lines
15:15 Wheelbarrow
15:20 Fletching
20:36 Castle Age
18:44 Padded Archer Armor
21:44 Medium Warships
21:31 Bodkin Arrow
23:02 Gillnets
24:24 Ballistics
25:15 Heated Shot
25:51 Husbandry
26:04 Bloodlines
26:38 Demolition Ship
28:41 Horse Collar
30:36 Scale Barding Armor
34:29 Treadmill Crane
35:31 Heavy Plow
35:46 Bow Saw
36:57 Leather Archer Armor
36:33 Pikeman
37:14 Squires
37:15 Scale Mail Armor
37:48 Chain Barding Armor
41:14 Gold Mining
41:17 Stone Mining
41:52 Forging
45:29 Imperial Age
43:16 Silk Armor
44:15 Hand Cart
45:32 Town Watch
45:33 Heavy Cavalry Archer
46:14 Bracer
46:45 Ring Archer Armor
47:22 Chemistry
46:35 Timurid Siegecraft
47:58 Conscription
53:23 Gold Shaft Mining
56:34 Light Cavalry
Connection lost

Rejoining the realm…

Still unreachable

The connection could not be restored.

Session expired

The server has moved on; the page needs a fresh start.